| TOP OF THE 1ST |
|
Philadelphia Phillies batting - Pitching for Pittsburgh Pirates : RHP Jose Vasquez
|
|
Pitching: RHP Jose Vasquez
|
|
|
Batting: RHB Andy Ramirez
|
0-0: Called Strike 0-1: Called Strike 0-2: Fly out, F9 (Flyball, 9S, EV 79.4 MPH)
|
|
Batting: RHB Paul Molitor
|
0-0: Foul Ball, location: 2F 0-1: SINGLE (Groundball, 3D, EV 94.4 MPH)
|
|
Batting: LHB Tony Gwynn
|
0-0: Ball Paul Molitor steals 2nd base (no throw) 1-0: Ground out 4-3 (Groundball, 4M, EV 80.6 MPH) Paul Molitor to third
|
|
Batting: RHB Candy Maldonado
|
0-0: Called Strike 0-1: SINGLE (Groundball, 6MD, EV 106.3 MPH) Paul Molitor scores
|
|
Batting: LHB Ken Phelps
|
0-0: Ball 1-0: Called Strike 1-1: Ball 2-1: Ball 3-1: Base on Balls Candy Maldonado to second
|
|
Batting: RHB Andre Dawson
|
0-0: Called Strike 0-1: Ball 1-1: Foul Ball, location: 2F 1-2: Ball 2-2: Foul Ball, location: 2F 2-2: Strikes out looking
|
| Top of the 1st over - 1 run, 2 hits, 0 errors, 2 left on base; Philadelphia 1 - Pittsburgh 0 |
| BOTTOM OF THE 1ST |
|
Pittsburgh Pirates batting - Pitching for Philadelphia Phillies : RHP Jack Morris
|
|
Pitching: RHP Jack Morris
|
|
|
Batting: RHB Dan Gladden
|
0-0: Foul Ball, location: 2F 0-1: SINGLE (Line Drive, 78S, EV 96.9 MPH)
|
|
Batting: LHB Terry Whitfield
|
0-0: Called Strike 0-1: Fielders Choice at 2nd, 6-4 (Groundball, 6D, EV 98.1 MPH)
|
|
Batting: RHB Rennie Stennett
|
0-0: Ball 1-0: Ball 2-0: Ball 3-0: Called Strike 3-1: Grounds into double play, 6-4-3 (Groundball, 6, EV 99.4 MPH)
|
| Bottom of the 1st over - 0 runs, 1 hit, 0 errors, 0 left on base; Philadelphia 1 - Pittsburgh 0 |
| TOP OF THE 2ND |
|
Philadelphia Phillies batting - Pitching for Pittsburgh Pirates : RHP Jose Vasquez
|
|
Batting: LHB Lou Whitaker
|
0-0: Called Strike 0-1: Foul Ball, location: 2F 0-2: Strikes out looking
|
|
Batting: RHB Mike Diaz
|
0-0: Foul Ball, location: 2F 0-1: SINGLE (Groundball, 56D, EV 100.6 MPH)
|
|
Batting: RHB Jack Morris
|
0-0: Bunt missed! 0-1: Sac Bunt to 2R - play at second, runner safe!
|
|
Batting: RHB Andy Ramirez
|
0-0: Ball 1-0: Called Strike 1-1: Swinging Strike 1-2: Foul Ball, location: 2F 1-2: Grounds into double play, 4-6-3 (Groundball, 4M, EV 93.1 MPH)
|
| Top of the 2nd over - 0 runs, 1 hit, 0 errors, 1 left on base; Philadelphia 1 - Pittsburgh 0 |
| BOTTOM OF THE 2ND |
|
Pittsburgh Pirates batting - Pitching for Philadelphia Phillies : RHP Jack Morris
|
|
Batting: LHB Greg Walker
|
0-0: Swinging Strike 0-1: Called Strike 0-2: Ball 1-2: Fly out, F6 (Line Drive, 6, EV 72.5 MPH)
|
|
Batting: SHB Chili Davis
|
0-0: Ball 1-0: SINGLE (Flyball, 56D, EV 87.5 MPH)
|
|
Batting: RHB Mike C Brown
|
0-0: Called Strike Chili Davis steals 2nd base (no throw) 0-1: Ball 1-1: Fly out, F9 (Flyball, 89M, EV 92.5 MPH) Runner from 2nd tags up, SAFE at 3rd with throw by RF
|
|
Batting: SHB Ron Oester
|
0-0: Called Strike 0-1: Swinging Strike 0-2: Fly out, F8 (Flyball, 8RM, EV 98.8 MPH)
|
| Bottom of the 2nd over - 0 runs, 1 hit, 0 errors, 1 left on base; Philadelphia 1 - Pittsburgh 0 |
| TOP OF THE 3RD |
|
Philadelphia Phillies batting - Pitching for Pittsburgh Pirates : RHP Jose Vasquez
|
|
Batting: RHB Paul Molitor
|
0-0: Called Strike 0-1: Called Strike 0-2: Ball 1-2: Ball 2-2: SINGLE (Groundball, 6S, EV 68.1 MPH) (infield hit)
|
|
Batting: LHB Tony Gwynn
|
0-0: Ball 1-0: Fly out, F9 (Line Drive, 9, EV 99.4 MPH)
|
|
Batting: RHB Candy Maldonado
|
0-0: Ball 1-0: Fly out, F8 (Line Drive, 8RM, EV 106.9 MPH)
|
|
Batting: LHB Ken Phelps
|
0-0: Called Strike 0-1: Called Strike 0-2: Ball 1-2: Ball 2-2: Foul Ball, location: 2F 2-2: Ground out 4-3 (Groundball, 4, EV 103.1 MPH)
|
| Top of the 3rd over - 0 runs, 1 hit, 0 errors, 1 left on base; Philadelphia 1 - Pittsburgh 0 |
| BOTTOM OF THE 3RD |
|
Pittsburgh Pirates batting - Pitching for Philadelphia Phillies : RHP Jack Morris
|
|
Batting: RHB William Max
|
0-0: Called Strike 0-1: Foul Ball, location: 2F 0-2: SINGLE (Line Drive, 78M, EV 104.4 MPH)
|
|
Batting: RHB Jose Vasquez
|
0-0: Bunted foul 0-1: Ball 1-1: Sac Bunt to 15S - play at first, batter OUT! 1-4 William Max to second
|
|
Batting: RHB Dan Gladden
|
0-0: Ball 1-0: Ball 2-0: Foul Ball, location: 2F 2-1: Ball 3-1: Called Strike 3-2: SINGLE (Line Drive, 7S, EV 110.0 MPH) William Max to third Runner from 3rd tries for Home, SAFE, throw by LF to home
|
|
Batting: LHB Terry Whitfield
|
0-0: Called Strike 0-1: Fly out, F6 (Flyball, 6D, EV 88.8 MPH)
|
|
Batting: RHB Rennie Stennett
|
0-0: Called Strike Dan Gladden steals 2nd base 0-1: Foul Ball, location: 2F 0-2: SINGLE (Line Drive, 8RS, EV 102.5 MPH) Dan Gladden to third Runner from 3rd tries for Home, SAFE, throw by CF to home
|
|
Batting: LHB Greg Walker
|
0-0: Ball 1-0: Ball 2-0: Ball 3-0: Called Strike 3-1: DOUBLE (Line Drive, 9LM, EV 96.9 MPH) Rennie Stennett to third Runner from 3rd tries for Home, SAFE, throw by RF to trailing runner, SAFE at third!
|
|
Batting: SHB Chili Davis
|
0-0: Called Strike 0-1: Ball 1-1: Swinging Strike 1-2: Strikes out looking
|
| Bottom of the 3rd over - 3 runs, 4 hits, 0 errors, 1 left on base; Philadelphia 1 - Pittsburgh 3 |
| TOP OF THE 4TH |
|
Philadelphia Phillies batting - Pitching for Pittsburgh Pirates : RHP Jose Vasquez
|
|
Batting: RHB Andre Dawson
|
0-0: Ground out 4-3 (Groundball, 34, EV 83.1 MPH)
|
|
Batting: LHB Lou Whitaker
|
0-0: Ball 1-0: Swinging Strike 1-1: Fly out, F8 (Line Drive, 8LD, EV 93.8 MPH)
|
|
Batting: RHB Mike Diaz
|
0-0: Ball 1-0: Ground out 3-1 (Groundball, 34, EV 89.4 MPH)
|
| Top of the 4th over - 0 runs, 0 hits, 0 errors, 0 left on base; Philadelphia 1 - Pittsburgh 3 |
| BOTTOM OF THE 4TH |
|
Pittsburgh Pirates batting - Pitching for Philadelphia Phillies : RHP Jack Morris
|
|
Batting: RHB Mike C Brown
|
0-0: Foul Ball, location: 2F 0-1: Fly out, F8 (Line Drive, 8LM, EV 90.0 MPH)
|
|
Batting: SHB Ron Oester
|
0-0: Ball 1-0: Called Strike 1-1: SINGLE (Line Drive, 56D, EV 99.4 MPH)
|
|
Batting: RHB William Max
|
0-0: Called Strike 0-1: Swinging Strike 0-2: Strikes out swinging
|
|
Pinch Hitting: LHB Craig Barnes
|
0-0: Fly out, F3 (Line Drive, 3, EV 71.3 MPH)
|
| Bottom of the 4th over - 0 runs, 1 hit, 0 errors, 1 left on base; Philadelphia 1 - Pittsburgh 3 |
| TOP OF THE 5TH |
|
Philadelphia Phillies batting - Pitching for Pittsburgh Pirates : RHP Jose Vasquez
|
|
Pitching: RHP Mike Smithson
|
|
|
Pinch Hitting: LHB Andy Guerrero
|
0-0: Ball 1-0: DOUBLE (Flyball, 89XD, EV 110.0 MPH)
|
|
Batting: RHB Andy Ramirez
|
0-0: Called Strike 0-1: Ball 1-1: Called Strike 1-2: Ball 2-2: Foul Ball, location: 2F 2-2: Fly out, F7 (Line Drive, 7, EV 90.0 MPH)
|
|
Batting: RHB Paul Molitor
|
0-0: Called Strike 0-1: Ball 1-1: Foul Ball, location: 2F 1-2: Ball 2-2: Foul Ball, location: 2F 2-2: Ball 3-2: Foul Ball, location: 2F 3-2: Ground out 3-1 (Groundball, 34S, EV 77.5 MPH) Andy Guerrero to third
|
|
Batting: LHB Tony Gwynn
|
0-0: Ball 1-0: Ground out U3 (Groundball, 3D, EV 98.8 MPH)
|
| Top of the 5th over - 0 runs, 1 hit, 0 errors, 1 left on base; Philadelphia 1 - Pittsburgh 3 |
| BOTTOM OF THE 5TH |
|
Pittsburgh Pirates batting - Pitching for Philadelphia Phillies : RHP Jack Morris
|
|
Pitching: RHP Armando Gutierrez
|
|
|
Batting: RHB Dan Gladden
|
0-0: Called Strike 0-1: Swinging Strike 0-2: Ball 1-2: Fly out, F3 (Popup, 3S, EV 81.3 MPH)
|
|
Batting: LHB Terry Whitfield
|
0-0: Called Strike 0-1: Swinging Strike 0-2: Ball 1-2: Foul Ball, location: 2F 1-2: Ball 2-2: Strikes out looking
|
|
Batting: RHB Rennie Stennett
|
0-0: Ball 1-0: Called Strike 1-1: DOUBLE (Flyball, 89XD, EV 100.0 MPH)
|
|
Batting: LHB Greg Walker
|
0-0: Foul Ball, location: 2F 0-1: Foul Ball, location: 2F 0-2: Foul Ball, location: 2F 0-2: Fly out, F8 (Flyball, 8LXD, EV 87.5 MPH)
|
| Bottom of the 5th over - 0 runs, 1 hit, 0 errors, 1 left on base; Philadelphia 1 - Pittsburgh 3 |
| TOP OF THE 6TH |
|
Philadelphia Phillies batting - Pitching for Pittsburgh Pirates : RHP Mike Smithson
|
|
Batting: RHB Candy Maldonado
|
0-0: Called Strike 0-1: Fly out, F4 (Popup, 4M, EV 56.3 MPH)
|
|
Batting: LHB Ken Phelps
|
0-0: Called Strike 0-1: Foul Ball, location: 2F 0-2: Foul Ball, location: 2F 0-2: Ball 1-2: Strikes out looking
|
|
Batting: RHB Andre Dawson
|
0-0: Ball 1-0: Foul Ball, location: 2F 1-1: Ball 2-1: Called Strike 2-2: SINGLE (Flyball, 34D, EV 83.8 MPH)
|
|
Batting: LHB Lou Whitaker
|
0-0: Ball Andre Dawson steals 2nd, throwing error, E2 Andre Dawson to third 1-0: Foul Ball, location: 2F 1-1: Called Strike 1-2: Fly out, F8 (Flyball, 8LS, EV 82.5 MPH)
|
| Top of the 6th over - 0 runs, 1 hit, 1 error, 1 left on base; Philadelphia 1 - Pittsburgh 3 |
| BOTTOM OF THE 6TH |
|
Pittsburgh Pirates batting - Pitching for Philadelphia Phillies : RHP Armando Gutierrez
|
|
Batting: SHB Chili Davis
|
0-0: Ball 1-0: Foul Ball, location: 2F 1-1: SINGLE (Flyball, 5D, EV 91.3 MPH)
|
|
Batting: RHB Mike C Brown
|
0-0: Foul Ball, location: 2F 0-1: Ball 1-1: Foul Ball, location: 2F 1-2: Foul Ball, location: 2F 1-2: Ball 2-2: Grounds into double play, 3-6-3 (Groundball, 34S, EV 78.1 MPH)
|
|
Batting: SHB Ron Oester
|
0-0: Called Strike 0-1: Swinging Strike 0-2: Strikes out swinging
|
| Bottom of the 6th over - 0 runs, 1 hit, 0 errors, 0 left on base; Philadelphia 1 - Pittsburgh 3 |
| TOP OF THE 7TH |
|
Philadelphia Phillies batting - Pitching for Pittsburgh Pirates : RHP Mike Smithson
|
|
Batting: RHB Mike Diaz
|
0-0: Swinging Strike 0-1: SOLO HOME RUN (Flyball, 7LD, EV 91.9 MPH), Distance : 349 ft
|
|
Pinch Hitting: LHB Randy Bush
|
0-0: Ball 1-0: Called Strike 1-1: Ground out 6-3 (Groundball, 6M, EV 88.1 MPH)
|
|
Pinch Hitting: LHB Terry Lee
|
0-0: Called Strike 0-1: Swinging Strike 0-2: Foul Ball, location: 2F 0-2: SINGLE (Line Drive, 89S, EV 95.0 MPH)
|
|
Pinch Hitting: RHB Ivan de Jesus
|
0-0: Ball 1-0: Ball 2-0: Reached on error, E5 (Groundball, 56, EV 89.4 MPH) Terry Lee to second
|
|
Pinch Hitting: LHB James Peters
|
0-0: Called Strike 0-1: Swinging Strike 0-2: Foul Ball, location: 2F 0-2: Ball 1-2: Fielders Choice at 2nd, 4-6 (Groundball, 4, EV 85.0 MPH) Terry Lee to third
|
|
Pinch Hitting: RHB Derrell Baker
|
0-0: Called Strike 0-1: Swinging Strike 0-2: Ball 1-2: Foul Ball, location: 2F 1-2: Fielders Choice at 2nd, 5-4 (Groundball, 5L, EV 91.3 MPH)
|
| Top of the 7th over - 1 run, 2 hits, 1 error, 2 left on base; Philadelphia 2 - Pittsburgh 3 |
| BOTTOM OF THE 7TH |
|
Pittsburgh Pirates batting - Pitching for Philadelphia Phillies : RHP Armando Gutierrez
|
|
Pitching: RHP Tom Hume
|
|
|
Now at 2B: Ivan de Jesus
|
|
|
Now at SS: Terry Lee
|
|
|
Now in LF: James Peters
|
|
|
Now in CF: Derrell Baker
|
|
|
Batting: RHB William Max
|
0-0: Called Strike 0-1: Called Strike 0-2: Foul Ball, location: 2F 0-2: Ball 1-2: Ball 2-2: Foul Ball, location: 2F 2-2: Ball 3-2: Foul Ball, location: 2F 3-2: Foul Ball, location: 2F 3-2: Foul Ball, location: 2F 3-2: Fly out, F3 (Flyball, 34D, EV 87.5 MPH)
|
|
Pinch Hitting: SHB John Shelby
|
0-0: Fly out, F1 (Line Drive, P, EV 73.8 MPH)
|
|
Pinch Hitting: LHB Jared Martin
|
0-0: Swinging Strike 0-1: Foul Ball, location: 2F 0-2: Strikes out swinging
|
| Bottom of the 7th over - 0 runs, 0 hits, 0 errors, 0 left on base; Philadelphia 2 - Pittsburgh 3 |
| TOP OF THE 8TH |
|
Philadelphia Phillies batting - Pitching for Pittsburgh Pirates : RHP Mike Smithson
|
|
Pitching: RHP Robert Alexander
|
|
|
Now in LF: Dave Bialas
|
|
|
Pinch Hitting: RHB Dan Thomas
|
0-0: Ball 1-0: Foul Ball, location: 2F 1-1: Fly out, F8 (Flyball, 8RXD, EV 93.1 MPH)
|
|
Pinch Hitting: LHB Ty Gainey
|
0-0: Ball 1-0: Foul Ball, location: 2F 1-1: DOUBLE (Line Drive, 89XD, EV 102.5 MPH)
|
|
Pinch Hitting: LHB Adrian McCarthy
|
0-0: Called Strike 0-1: Ground out 3-1 (Groundball, 34, EV 100.6 MPH) Ty Gainey to third
|
|
Pinch Hitting: LHB Clay Hill
|
0-0: Ground out 1-3 (Groundball, P, EV 65.0 MPH)
|
| Top of the 8th over - 0 runs, 1 hit, 0 errors, 1 left on base; Philadelphia 2 - Pittsburgh 3 |
| BOTTOM OF THE 8TH |
|
Pittsburgh Pirates batting - Pitching for Philadelphia Phillies : RHP Tom Hume
|
|
Now at C: Clay Hill
|
|
|
Now at 1B: Dan Thomas
|
|
|
Now at 3B: Adrian McCarthy
|
|
|
Now in RF: Ty Gainey
|
|
|
Pinch Hitting: LHB Alex Campos
|
0-0: Ball 1-0: Foul Ball, location: 2F 1-1: SINGLE (Groundball, 4D, EV 103.1 MPH)
|
|
Pinch Hitting: LHB Robert Lopez
|
0-0: Ball 1-0: Ball 2-0: Called Strike 2-1: Ball 3-1: Swinging Strike 3-2: SINGLE (Groundball, 34S, EV 66.3 MPH) (infield hit) Alex Campos to second
|
|
Pinch Hitting: RHB Rafael Santana
|
0-0: Ball 1-0: Grounds into double play, 6-4-3 (Groundball, 6, EV 105.0 MPH) Alex Campos to third
|
|
Pinch Hitting: RHB Joe Jones
|
0-0: Ground out 5-3 (Groundball, 56, EV 102.5 MPH)
|
| Bottom of the 8th over - 0 runs, 2 hits, 0 errors, 1 left on base; Philadelphia 2 - Pittsburgh 3 |
| TOP OF THE 9TH |
|
Philadelphia Phillies batting - Pitching for Pittsburgh Pirates : RHP Robert Alexander
|
|
Now at C: Joe Jones
|
|
|
Now at 1B: Jim Maler
|
|
|
Now at 2B: Robert Lopez
|
|
|
Now in RF: Alex Campos
|
|
|
Pinch Hitting: LHB Terry Bogener
|
0-0: SINGLE (Line Drive, 8LS, EV 107.5 MPH)
|
|
Pinch Hitting: LHB Cecil Cooper
|
0-0: Called Strike 0-1: Ball 1-1: Ball 2-1: Ball 3-1: Base on Balls Terry Bogener to second
|
|
Pinch Hitting: RHB Jody Davis
|
0-0: Foul Ball, location: 2F 0-1: Called Strike 0-2: Ball 1-2: Reached on error, E1 (Groundball, 13, EV 64.4 MPH) Terry Bogener to third Cecil Cooper to second
|
|
Batting: LHB James Peters
|
0-0: Called Strike 0-1: Grounds into fielders choice 5-2 (Groundball, 5, EV 100.6 MPH) Cecil Cooper to third Jody Davis to second
|
|
Pinch Hitting: LHB Rick Lancellotti
|
0-0: Called Strike 0-1: Called Strike 0-2: Strikes out swinging
|
|
Batting: RHB Dan Thomas
|
0-0: Foul Ball, location: 2F 0-1: Foul Ball, location: 2F 0-2: SINGLE (Line Drive, 34D, EV 95.6 MPH) Cecil Cooper scores Jody Davis to third James Peters to second Runner from 3rd tries for Home, SAFE, throw by RF to home
|
|
Batting: LHB Ty Gainey
|
0-0: Ball 1-0: Ball 2-0: Ball Wild Pitch! James Peters to third Dan Thomas to second 3-0: Called Strike 3-1: Swinging Strike 3-2: Strikes out swinging
|
| Top of the 9th over - 2 runs, 2 hits, 1 error, 2 left on base; Philadelphia 4 - Pittsburgh 3 |
| BOTTOM OF THE 9TH |
|
Pittsburgh Pirates batting - Pitching for Philadelphia Phillies : RHP Tom Hume
|
|
Pitching: RHP Tony Villa
|
|
|
Now at 1B: Terry Bogener
|
|
|
Now at SS: Tim Wallach
|
|
|
Now in CF: Rick Lancellotti
|
|
|
Batting: RHB Mike C Brown
|
0-0: Called Strike 0-1: Ball 1-1: Fly out, F6 (Popup, P, EV 83.8 MPH)
|
|
Pinch Hitting: RHB Greg Schultz
|
0-0: Foul Ball, location: 2F 0-1: Ball 1-1: Ball 2-1: Called Strike 2-2: Foul Ball, location: 2F 2-2: Ground out 4-3 (Groundball, 4M, EV 86.3 MPH)
|
|
Batting: RHB William Max
|
0-0: Ball 1-0: SINGLE (Groundball, 25, EV 67.5 MPH) (infield hit)
|
|
Batting: RHB Dave Bialas
|
0-0: Called Strike 0-1: Ball 1-1: Ball 2-1: Called Strike 2-2: Fly out, F9 (Flyball, 89M, EV 96.3 MPH)
|
| Bottom of the 9th over - 0 runs, 1 hit, 0 errors, 1 left on base; Philadelphia 4 - Pittsburgh 3 |
|